 Dungeon Crawl Stone Soup version 0.26.1-11-gd32895ea62 (webtiles) character file.

Game seed: 8737569683500084558

49 Azunone the Cutter (level 3, -6/28 HPs)
             Began as a Gnoll Wanderer on Mar 31, 2021.
             Mangled by a worm (11 damage)
             ... on level 2 of the Dungeon on Apr 19, 2021.
             The game lasted 00:04:19 (1735 turns).

Azunone the Cutter (Gnoll Wanderer)                 Turns: 1735, Time: 00:04:19

Health: -6/28      AC: -1    Str: 15    XL:     3   Next: 77%
Magic:  4/4        EV: 13    Int: 21    God:
Gold:   50         SH:  0    Dex: 13    Spells: 2/3 levels left

rFire    . . .     SeeInvis .   a - +2 short sword {short}
rCold    . . .     Faith    .   (no shield)
rNeg     . . .     Spirit   .   d - +0 robe
rPois    .         Reflect  .   (no helmet)
rElec    .         Harm     .   (no cloak)
rCorr    .         Rampage  .   (no gloves)
Will     .....                  (no boots)
Stlth    +++.......             i - amulet of magic regeneration
HPRegen  0.09/turn              I - +6 ring of intelligence
MPRegen  0.34/turn              h - -4 ring of protection (curse)

@: no status effects
A: distributed training, fangs 1, strong nose
a: no special abilities


You were on level 2 of the Dungeon.
You visited 1 branch of the dungeon, and saw 2 of its levels.

You collected 50 gold pieces.


Innate Abilities, Weirdness & Mutations

Your experience applies equally to all skills.
You have very sharp teeth.
Your uncanny sense of smell can sniff out nearby items.


   Skills:
 + Level 2.6 Fighting
 + Level 4.5 Short Blades
 + Level 0.9 Long Blades
 + Level 0.9 Axes
 + Level 0.9 Maces & Flails
 + Level 0.9 Polearms
 + Level 0.9 Staves
 + Level 0.9 Slings
 + Level 0.9 Bows
 + Level 0.9 Crossbows
 + Level 2.6 Throwing
 + Level 0.9 Armour
 + Level 2.6 Dodging
 + Level 4.2 Stealth
 + Level 0.9 Shields
 + Level 0.9 Unarmed Combat
 + Level 0.9 Spellcasting
 + Level 0.6 Conjurations
 + Level 0.6 Hexes
 + Level 2.1 Summonings
 + Level 0.6 Necromancy
 + Level 0.6 Translocations
 + Level 0.6 Transmutations
 + Level 0.6 Fire Magic
 + Level 0.6 Ice Magic
 + Level 0.6 Air Magic
 + Level 3.8 Earth Magic
 + Level 0.6 Poison Magic
 + Level 1.0 Invocations
 + Level 0.9 Evocations


You had 2 spell levels left.
You knew the following spells:

 Your Spells              Type           Power        Failure   Level
a - Summon Small Mammal   Summ           40%          7%          1

Your spell library contained the following spells:

 Spells                   Type           Power        Failure   Level
 Summon Guardian Golem    Hex/Summ       6%           28%         3

Inventory:

Hand Weapons
 a - a +2 short sword (weapon) {short}
 e - a +0 dagger {short}
Missiles
 f - 74 stones {throwing}
 j - 35 arrows
 l - 6 javelins
 m - 49 bolts
 s - 32 sling bullets
Armour
 d - a +0 robe (worn)
 n - a +0 cloak
   (You found it on level 1 of the Dungeon)
Jewellery
 h - a cursed -4 ring of protection (right hand)
   (You found it on level 1 of the Dungeon)
 i - an amulet of magic regeneration (around neck)
   (You took it off a kobold on level 1 of the Dungeon)
 w - an uncursed ring of see invisible {unknown}
   (You found it on level 2 of the Dungeon)
 I - a +6 ring of intelligence (left hand)
   (You found it on level 1 of the Dungeon)
Scrolls
 k - a scroll of identify {unknown}
 q - a scroll of immolation {unknown}
 t - a scroll of magic mapping {unknown}
 u - a scroll of remove curse {unknown}
 v - 2 scrolls of teleportation {unknown}
Potions
 b - a potion of lignification {!q}
 c - a potion of degeneration {unknown}
 g - a potion of mutation {unknown}
 o - a potion of might {unknown}
 p - a potion of brilliance {unknown}
 r - a potion of curing {unknown}

Dungeon Overview and Level Annotations

Branches:
Dungeon (2/15)

Altars:
Ashenzari

.............
............
##......?....
###...........
............#
#.........#
#..)w.....###
#..!.@.......
##..(....####
#####.....##
#..........#
#.....(....#
######..........#
#.....######.####
#.....# #...
#.....# ##..#


You could see a worm.


Message History

No target in view!
No target in view!
No target in view!
No target in view!
No target in view!
No target in view!
u - a scroll labelled LALEAFFEAWN 😎 HP[+1]
Your hp is fully restored (28).
A rat comes into view.
A rat is nearby!
Found a stone staircase leading up.
The helpless rat fails to defend itself.
You impale the rat!!
You kill the rat!
No target in view!
No target in view!
No target in view!
No target in view!
No target in view!
No target in view!
No target in view!
No target in view!
No target in view!
v - a scroll labelled AMIARGH NOAMID
w - an encrusted iron ring
v - 2 scrolls labelled AMIARGH NOAMID (gained 1)
A goblin and a kobold come into view.
There are monsters nearby!
The kobold shouts!
The kobold throws a stone.
The stone closely misses you.
The kobold throws a stone.
The stone misses you.
A hobgoblin comes into view.
The goblin shouts!
The kobold throws a stone.
The stone hits you.
A hobgoblin comes into view.
You see here a stone.
A worm comes into view.
You closely miss the kobold. You bite the kobold, but do no damage.
The goblin hits you with a +0 club.
You hit the kobold.
You kill the kobold!
The goblin hits you but does no damage.
You puncture the goblin!
You kill the goblin!
A giant cockroach comes into view.
You hit the hobgoblin but do no damage.
The hobgoblin closely misses you. 😕 HP[-3]
You take 3 damage, and now have 25/28 hp.
You hit the hobgoblin.
You kill the hobgoblin!
The hobgoblin hits you.
You hit the hobgoblin.
The hobgoblin barely misses you. 😕 HP[-2]
You take 2 damage, and now have 23/28 hp.
You hit the hobgoblin. Your bite misses the hobgoblin.
The hobgoblin hits you. 😮 HP[-3]
You take 3 damage, and now have 20/28 hp.
You are too injured to fight recklessly!
You are too injured to fight recklessly!
You are too injured to fight recklessly!
You are too injured to fight recklessly!
You are too injured to fight recklessly!
You are too injured to fight recklessly!
You are too injured to fight recklessly!
You are too injured to fight recklessly!
You are too injured to fight recklessly!
You are too injured to fight recklessly!
You are too injured to fight recklessly!
You are too injured to fight recklessly!
You are too injured to fight recklessly!
You are too injured to fight recklessly!
You are too injured to fight recklessly!
You are too injured to fight recklessly!
You are too injured to fight recklessly!
You are too injured to fight recklessly!
You are too injured to fight recklessly!
You are too injured to fight recklessly!
Unknown command.
You closely miss the hobgoblin. The hobgoblin hits you. 😮 HP[-2]
You take 2 damage, and now have 18/28 hp.
You hit the hobgoblin.
You kill the hobgoblin!
You hit the giant cockroach. The giant cockroach bites you. 😮 HP[-2]
You take 2 damage, and now have 16/28 hp.
You puncture the giant cockroach!
You kill the giant cockroach!
Things that are here:
a scroll labelled ZAFO KEKUINO; a giant cockroach corpse You hit the worm.
The worm bites you!
* * * LOW HITPOINT WARNING * * *
😱 HP[-11]
You take 11 damage, and now have 5/28 hp.
MASSIVE DAMAGE!! (PAUSE)
You hit the worm. The worm barely misses you.
You hit the worm. You hit the worm. The worm bites you!
You die...

Skill      XL: |  1  2  3 |
---------------+----------+-----
Summonings     | 2 |  2.1
Invocations    | 1 |  1.0
Fighting       | |  2.6
Short Blades   | |  4.5
Long Blades    | |  0.9
Axes           | |  0.9
Maces & Flails | |  0.9
Polearms       | |  0.9
Staves         | |  0.9
Slings         | |  0.9
Bows           | |  0.9
Crossbows      | |  0.9
Throwing       | |  2.6
Armour         | |  0.9
Dodging        | |  2.6
Stealth        | |  4.2
Shields        | |  0.9
Unarmed Combat | |  0.9
Spellcasting   | |  0.9
Conjurations   | |  0.6
Hexes          | |  0.6
Necromancy     | |  0.6
Translocations | |  0.6
Transmutations | |  0.6
Fire Magic     | |  0.6
Ice Magic      | |  0.6
Air Magic      | |  0.6
Earth Magic    | |  3.8
Poison Magic   | |  0.6
Evocations     | |  0.9

Action                   || total
-------------------------++-------
Melee: Short sword       ||    88
       Bite              ||     7
 Cast: Summon Small Mamm ||     4
 Stab: Sleeping          ||    12
Armor: Robe              ||     7
Dodge: Dodged            ||    51

Levels and vault maps discovered:
D:1:      minmay_arrival_split_and_join, layout_loops_ring, ashenzari_altar_1
D:2:      layout_rooms, uniq_crazy_yiuf_cottage

Notes
Turn   | Place    | Note
-------+----------+-------------------------------------------
     0 | D:1      | Azunone the Gnoll Wanderer began the quest for the Orb.
     0 | D:1      | Azunone set off with the following items: a +2 short sword
                  | {short}, a potion of lignification {!q}, a +0 robe, a +0
                  | dagger {short}; and the following spell memorised: Summon
                  | Small Mammal; and the following spells available to
                  | memorise: Summon Guardian Golem
     0 | D:1      | Reached XP level 1. HP: 17/17 MP: 1/1
     0 | D:1      | magus.rc [v1.9.6]
   214 | D:1      | Upgraded the game from 0.26.1-10-gdfb7c7de75 to
                  | 0.26.1-11-gd32895ea62
   214 | D:1      | magus.rc [v1.9.10]
   222 | D:1      | Reached skill level 2 in Summonings
   372 | D:1      | Reached XP level 2. HP: 22/23 MP: 2/2
   639 | D:1      | Found a broken altar of Ashenzari.
   786 | D:1      | Reached XP level 3. HP: 28/28 MP: 3/3
  1128 | D:2      | HP: 7/28 [bat (1)]
  1381 | D:2      | Reached skill level 1 in Invocations
  1732 | D:2      | HP: 5/28 [worm (11)]
  1735 | D:2      | Mangled by a worm

Vanquished Creatures
  An ooze (D:1)
  2 dart slugs
  3 giant cockroaches
  7 hobgoblins
  A quokka (D:2)
  A ball python (D:2)
  7 bats
  A frilled lizard (D:2)
  6 goblins
  4 kobolds
  6 rats
39 creatures vanquished.

Table legend:
 A = Non-vault XP
 B = Vault XP
 C = Vault XP percentage of total XP
 D = Non-vault monster count
 E = Vault monster count
 F = Vault count percentage of total count
                 A         B        C        D         E       F
            +---------+---------+-------+---------+---------+-------
      Total |      71 |       0 |   0.0 |      39 |       0 |   0.0
            +---------+---------+-------+---------+---------+-------
        D:1 |      42 |       0 |   0.0 |      23 |       0 |   0.0
        D:2 |      29 |       0 |   0.0 |      16 |       0 |   0.0
            +---------+---------+-------+---------+---------+-------

Illustrated notes

Table legend:
 A = Kills in this place as a percentage of kills in entire the game.
 B = Kills by you in this place as a percentage of kills by you in the entire game.
 C = Kills by friends in this place as a percentage of kills by friends in the entire game.
 D = Other kills in this place as a percentage of other kills in the entire game.
 E = Experience gained in this place as a percentage of experience gained in the entire game.
 F = Experience gained in this place divided by the number of levels of this place that you have seen.
                   A       B       C       D       E      F
               +-------+-------+-------+-------+-------+----------------------
         Total | 100.0 | 100.0 |   N/A |   N/A | 100.0 |  35.5
       Dungeon | 100.0 | 100.0 |   N/A |   N/A | 100.0 |  35.5
               +-------+-------+-------+-------+-------+----------------------

Table legend: (Time is in decaauts)
 A = Elapsed time spent in this place.
 B = Non-inter-level travel time spent in this place.
 C = Inter-level travel time spent in this place.
 D = Time resting spent in this place.
 E = Time spent auto-exploring this place.
 F = Levels seen in this place.
 G = Mean time per level.
                   A        B        C        D        E       F      G
               +--------+--------+--------+--------+--------+-----+--------+
         Total |   1723 |   1706 |     17 |      0 |   1441 |   2 |  861.5 |
       Dungeon |   1723 |   1706 |     17 |      0 |   1441 |   2 |  861.5 |
               +--------+--------+--------+--------+--------+-----+--------+

Top non-repeatable levels by time:
     D:1: 1100 daAuts
     D:2: 623 daAuts
